 Dungeon Crawl Stone Soup version 0.20-a0-454-g2b43fbb (webtiles) character file.

1535 HarleyQuinn the Destroyer (level 8, 0/41 HPs)
             Began as a Deep Elf Conjurer on Jan 8, 2017.
             Was an Initiate of Vehumet.
             Slain by a hound (3 damage)
             ... on level 8 of the Dungeon.
             The game lasted 00:17:54 (9817 turns).

HarleyQuinn the Destroyer (Deep Elf Conjurer)       Turns: 9817, Time: 00:17:55

Health: 0/41       AC:  5    Str:  5    XL:     8   Next: 55%
Magic:  5/22       EV: 13    Int: 31    God:    Vehumet [......]
Gold:   202        SH:  0    Dex: 15    Spells: 11/23 levels left

rFire  . . .     SeeInvis .     s - staff of conjuration
rCold  . . .     Gourm    .     a - +0 robe
rNeg   . . .     Faith    .     (no shield)
rPois  .         Spirit   .     (no helmet)
rElec  .         Reflect  .     I - +2 cloak {MR+}
rCorr  .         Harm     .     (no gloves)
MR     +....                    (no boots)
Stlth  ++........               (no amulet)
                                y - +5 ring of intelligence
                                C - +3 ring of intelligence

@: no status effects
A: no striking features
a: Renounce Religion


You were on level 8 of the Dungeon.
You worshipped Vehumet.
Vehumet was noncommittal.
You were not hungry.

You visited 2 branches of the dungeon, and saw 9 of its levels.

You collected 202 gold pieces.

Inventory:

Hand Weapons
 h - a +0 short sword
 i - a +3 flail of draining
 q - a +0 long sword
Armour
 a - a +0 robe (worn)
 I - a +2 cloak of magic resistance (worn)
Magical Staves
 s - an uncursed staff of conjuration (weapon)
Jewellery
 j - a +3 ring of dexterity
 y - a +5 ring of intelligence (right hand)
 z - a +2 ring of evasion {unknown}
 C - a +3 ring of intelligence (left hand)
Wands
 v - a wand of acid (4/15)
 E - a wand of paralysis (15/24)
Scrolls
 e - 2 scrolls of fog {unknown}
 f - a scroll of enchant armour {unknown}
 g - 2 scrolls of amnesia
 k - 9 scrolls of teleportation
 m - 6 scrolls of identify
 n - 2 scrolls of remove curse
 o - 2 scrolls of magic mapping {unknown}
 u - a scroll of random uselessness {unknown}
 B - a scroll of fear {unknown}
Potions
 d - a potion of degeneration
 l - a potion of flight {unknown}
 p - 2 potions of curing {unknown}
 r - a potion of lignification {unknown}
 t - a potion of brilliance {unknown}
 w - a potion of cancellation {unknown}
 x - a potion of agility {unknown}
 D - a potion of haste {unknown}
 F - a potion of heal wounds {unknown}
Books
 b - a book of Conjurations

   Spells                             Type                      Level
   a - Magic Dart                     Conjuration                  1
   b - Searing Ray                    Conjuration                  2
   c - Dazzling Spray                 Conjuration/Hexes            3
   d - Fulminant Prism                Conjuration/Hexes            4
   e - Iskenderun's Mystic Blast      Conjuration                  4
   f - Iskenderun's Battlesphere      Conjuration/Charms           5
 G - a book of Battle

   Spells                             Type                      Level
   a - Infusion                       Charms                       1
   b - Shroud of Golubria             Charms/Translocation         2
   c - Song of Slaying                Charms                       2
   d - Spectral Weapon                Hexes/Charms                 3
   e - Regeneration                   Charms/Necromancy            3
Comestibles
 c - 4 bread rations
 A - 4 fruits
 H - a meat ration
 J - 2 chunks of flesh


   Skills:
 - Level 2.7 Dodging
 - Level 2.7 Stealth
 - Level 8.2 Spellcasting
 + Level 10.1 Conjurations
 - Level 4.0 Charms


You had 11 spell levels left.
You knew the following spells:

 Your Spells              Type           Power        Failure   Level  Hunger
a - Magic Dart            Conj           ####         1%          1    None
b - Searing Ray           Conj           ######       1%          2    None
c - Iskenderun's Battles  Conj/Chrm      ######..     8%          5    ####...
d - Fulminant Prism       Conj/Hex       ######....   6%          4    None


Dungeon Overview and Level Annotations

Branches:
Dungeon (8/15)             Temple (1/1) D:4
   Lair: D:8-11

Altars:
Ashenzari
Cheibriados
Dithmenos
Elyvilon
Fedhas
Gozag
Hepliaklqana
Kikubaaqudgha
Makhleb
Nemelex Xobeh
Okawaru
Qazlal
Ru
Sif Muna
Trog
Uskayaw
Vehumet
Xom
Yredelemnul
Zin
The Shining One

Shops:
D:5 }

Annotations:
D:8 Grum


Message History

Your battlesphere fires!
The barrage of energy hits the wolf.
You kill the wolf!
Vehumet accepts your kill.
Your Conjurations skill increases to level 10!
The hound barely misses you.
Grum hits you from afar with a halberd of chopping!
Your battlesphere fires!
The barrage of energy hits Grum.
Grum is moderately wounded.
The hound closely misses you.
Grum hits you from afar with a halberd of chopping!
* * * LOW HITPOINT WARNING * * *
x2 The hound bites you.
* * * LOW HITPOINT WARNING * * *
Your battlesphere fires!
The barrage of energy hits Grum.
Grum is severely wounded.
The hound bites you.
You die...

...######
......h.#
..#####@####..#.
.....g†.*.......
...(.##.#####..#
.... #.#####..#
... #........#
.. #.<###...# #
#..# .# #..#
#..#


You could see Grum, a hound and a friendly battlesphere.

Vanquished Creatures
  A hippogriff (D:7)
  Sigmund (D:6)
  Edmund (D:4)
  4 ogres
  2 wolves (D:8)
  A necrophage (D:6)
  A scorpion (D:3)
  A howler monkey (D:3)
  A crimson imp (D:6)
  A jelly (D:5)
  Crazy Yiuf (D:7)
  Ijyb (D:3)
  5 worker ants
  A gnoll (D:1)
  7 adders
  A shadow imp (D:7)
  2 oozes
  2 worms
  4 dart slugs
  2 leopard geckos
  6 orcs
  6 bats
  6 giant cockroaches
  4 goblins
  10 hobgoblins
  4 jackals (D:1)
  4 kobolds
  2 quokkas
  7 frilled lizards
  A leopard gecko skeleton (D:4)
  A leopard gecko zombie (D:3)
  2 quokka skeletons (D:4)
  6 rats
99 creatures vanquished.

Notes
Turn   | Place    | Note
-------+----------+-------------------------------------------
     0 | D:1      | HarleyQuinn the Deep Elf Conjurer began the quest for the Orb.
     0 | D:1      | Reached XP level 1. HP: 10/10 MP: 6/6
   713 | D:1      | Reached XP level 2. HP: 15/15 MP: 5/8
   727 | D:1      | Learned a level 2 spell: Searing Ray
  1158 | D:1      | Reached skill level 5 in Conjurations
  1276 | D:1      | Reached XP level 3. HP: 19/19 MP: 6/9
  2585 | D:2      | Reached skill level 6 in Conjurations
  2585 | D:2      | Reached XP level 4. HP: 24/24 MP: 6/10
  3170 | D:3      | Noticed Ijyb
  3179 | D:3      | Killed Ijyb
  3179 | D:3      | Reached XP level 5. HP: 26/28 MP: 9/14
  3329 | D:3      | Reached skill level 5 in Spellcasting
  3852 | D:4      | Found a staircase to the Ecumenical Temple.
  3864 | Temple   | Entered the Ecumenical Temple
  4126 | Temple   | Became a worshipper of Vehumet
  4300 | D:4      | Noticed Edmund
  4312 | D:4      | Killed Edmund
  4312 | D:4      | Reached XP level 6. HP: 21/32 MP: 7/18
  4588 | D:4      | Learned a level 5 spell: Iskenderun's Battlesphere
  4860 | D:4      | Reached XP level 7. HP: 36/36 MP: 15/20
  6498 | D:5      | Entered Level 5 of the Dungeon
  6910 | D:5      | Found a blossoming altar of Fedhas.
  7001 | D:5      | Found Liashre's Gadget Emporium.
  7376 | D:5      | Reached skill level 7 in Conjurations
  8536 | D:6      | Noticed Sigmund
  8541 | D:6      | Killed Sigmund
  8541 | D:6      | Reached skill level 8 in Conjurations
  8669 | D:6      | Reached XP level 8. HP: 35/41 MP: 17/22
  9379 | D:7      | Noticed a hippogriff
  9384 | D:7      | Killed a hippogriff
  9384 | D:7      | Reached skill level 9 in Conjurations
  9399 | D:7      | Learned a level 4 spell: Fulminant Prism
  9614 | D:7      | Found a runed door.
  9619 | D:7      | Noticed Crazy Yiuf
  9623 | D:7      | Killed Crazy Yiuf
  9810 | D:8      | Noticed Grum
  9815 | D:8      | Reached skill level 10 in Conjurations
  9817 | D:8      | Slain by a hound

Vault maps used:
D:1:      dpeg_arrival_arbitrary_b
D:3:      uniq_iyjb
D:4:      first_bread, uniq_edmund
D:5:      serial_shops, shop, fedhas_altar_2
D:6:      uniq_sigmund
D:7:      uniq_crazy_yiuf_cottage
D:8:      lair_entry_dummy, uniq_pikel, uniq_prince_ribbit1, uniq_grum
Temple:   nicolae_temple_the_god_donut

Skill      XL: |  1  2  3  4  5  6  7  8 |
---------------+-------------------------+-----
Conjurations   | 5 6 8 10 | 10.1
Spellcasting   | 4 7 8 |  8.2
Charms         | 3 4 |  4.0
Dodging        | |  2.7
Stealth        | |  2.7

Action                   |  1- 3 |  4- 6 |  7- 9 || total
-------------------------+-------+-------+-------++-------
Melee: Unarmed           |     2 |       |       ||     2
       Short sword       |     5 |       |       ||     5
 Cast: Magic Dart        |    56 |    39 |    38 ||   133
       Searing Ray       |     5 |    13 |    21 ||    39
       Iskenderun's Batt |       |       |     5 ||     5
  Use: Scroll            |       |       |     4 ||     4
 Stab: Sleeping          |     1 |       |       ||     1
  Eat: Chunk             |     5 |     7 |    13 ||    25
       Fruit             |       |       |     3 ||     3
Armor: Robe              |     3 |     4 |     5 ||    12
Dodge: Dodged            |    14 |    14 |    10 ||    38
       Rpst.: Long sword |       |     2 |     1 ||     3
